 Dungeon Crawl Stone Soup version 0.30.0-10-gfe55d96785 (webtiles) character file.

Game seed: 11480884661603319536

222 Edyrem the Trooper (level 6, 0/44 HPs)
             Began as a Kobold Monk on May 16, 2023.
             Slain by an iguana (10 damage)
             ... on level 4 of the Dungeon.
             The game lasted 00:05:52 (3138 turns).

Edyrem the Trooper (Kobold Monk)                    Turns: 3138, Time: 00:05:53

Health: 0/44       AC: 10    Str: 10    XL:     6   Next: 19%
Magic:  6/6        EV: 14    Int: 18    God:
Gold:   162        SH:  0    Dex: 19    Spells: 5/5 levels left

rFire   + . .        b - +0 dagger (flame)
rCold   x . .        g - orb {mayhem}
rNeg    . . .        o - +5 ring mail of the Frog {rElec rF+ rC- Dex+2}
rPois   .            (no helmet)
rElec   +            (no cloak)
rCorr   +            (no gloves)
SInv    .            (no boots)
Will    .....        (no amulet)
Stlth   ++           f - +6 ring of intelligence
HPRegen 0.27/turn    p - ring of resist corrosion
MPRegen 0.10/turn

%: mayhem
@: studying Evocations
A: small, no large weapons, nightstalker 3
a: no special abilities


You were on level 4 of the Dungeon.
You visited 1 branch of the dungeon, and saw 4 of its levels.

You collected 162 gold pieces.

Inventory:

Hand Weapons
 a - a +0 short sword
 b - a +0 dagger of flaming (weapon)
Missiles
 r - 5 poisoned darts (quivered)
Armour
 d - an orb of light
 e - a +0 robe
 g - an orb of mayhem (worn)
 o - the +5 ring mail of the Frog (worn) {rElec rF+ rC- Dex+2}
   (You found it on level 2 of the Dungeon)

   Dex:       It affects your dexterity (+2).
   rF:        It protects you from fire.
   rC:        It makes you vulnerable to cold.
   rElec:     It insulates you from electricity.
Jewellery
 f - a +6 ring of intelligence (left hand)
 p - a ring of resist corrosion (right hand)
Wands
 u - a wand of charming (5)
Scrolls
 j - 5 scrolls of identify {unknown}
 k - a scroll of blinking {unknown}
 m - a scroll of fog {unknown}
 n - 2 scrolls of amnesia {unknown}
 q - a scroll of enchant weapon {unknown}
 t - a scroll of enchant armour {unknown}
Potions
 c - a potion of ambrosia
 h - 2 potions of haste {unknown}
 i - a potion of invisibility {unknown}
 l - a potion of magic {unknown}
 s - a potion of resistance {unknown}
 v - a potion of mutation {unknown}
 w - a potion of heal wounds {unknown}


   Skills:
 - Level 7.1 Fighting
 + Level 4.0 Short Blades
 - Level 3.6 Dodging


You had 5 spell levels left.
You didn't know any spells.
Your spell library contained the following spells:

 Spells                   Type           Power      Damage    Failure   Level
 Manifold Assault         Tloc           0%         N/A       99%         4
 Dispersal                Tloc           0%         N/A       100%        6
 Disjunction              Tloc           0%         N/A       100%        8


Dungeon Overview and Level Annotations

Branches:
Dungeon (4/15)
 Temple: D:4-7

Altars:
Gozag
Zin

Shops:
D:2 :


Innate Abilities, Weirdness & Mutations

You are small and have problems with some larger weapons.
You are completely attuned to the shadows.


Message History

You hit the iguana but do no damage. The iguana closely misses you.
You closely miss the iguana. The iguana misses you.
You hit the iguana but do no damage. The iguana barely misses you.
You hit the iguana but do no damage. You hit the iguana but do no damage.
The iguana bites you.
You barely miss the iguana. The iguana closely misses you.
You barely miss the iguana. The iguana bites you!
You hit the iguana. You burn the iguana.
The iguana is moderately wounded.
The iguana bites you but does no damage.
You hit the iguana but do no damage.
The iguana is moderately wounded.
You hit the iguana but do no damage.
The iguana is moderately wounded.
The iguana closely misses you.
You hit the iguana. You burn the iguana.
The iguana is moderately wounded.
The iguana misses you.
You completely miss the iguana.
The iguana is moderately wounded.
The iguana bites you!
* * * LOW HITPOINT WARNING * * *
You hit the iguana but do no damage.
The iguana is moderately wounded.
The iguana barely misses you.
You hit the iguana. You burn the iguana.
The iguana is heavily wounded.
You hit the iguana but do no damage.
The iguana is heavily wounded.
The iguana bites you but does no damage.
You barely miss the iguana.
The iguana is heavily wounded.
The iguana bites you but does no damage.
You hit the iguana but do no damage.
The iguana is heavily wounded.
The iguana completely misses you.
You hit the iguana but do no damage.
The iguana is heavily wounded.
The iguana bites you!
You die...

#....'.... ######....
###.... #.'.... .########
#.#.... ........#
##########.##### .......>#
#...)......## #
........###.##........# #
........l@..##.###....####
........######...#.......#
........# #.)..#.....#.#
######.# #...>#...#....
#.# #....#.#.#.###
#.########.#.#.#....
#.......#.#.#####
#.......#...###
#...)...#.#...###


You could see an iguana.

Vanquished Creatures
  A hound (D:4)
  Terence (D:2)
  An iguana (D:4)
  An orc wizard (D:3)
  3 adders
  A worm (D:2)
  3 dart slugs
  3 orcs (D:3)
  10 ball pythons
  4 endoplasms
  8 giant cockroaches
  3 goblins
  6 hobgoblins
  5 jackals (D:1)
  8 kobolds
  2 quokkas
  8 bats
  4 frilled lizards
  8 rats
80 creatures vanquished.

Notes
Turn   | Place    | Note
-------+----------+-------------------------------------------
     0 | D:1      | Edyrem the Kobold Monk began the quest for the Orb.
     0 | D:1      | Reached XP level 1. HP: 14/14 MP: 1/1
    72 | D:1      | Reached XP level 2. HP: 20/20 MP: 2/2
    78 | D:1      | Reached skill level 4 in Fighting
   416 | D:1      | Reached XP level 3. HP: 24/24 MP: 3/3
  1213 | D:2      | Reached skill level 5 in Fighting
  1331 | D:2      | Noticed Terence
  1352 | D:2      | Killed Terence
  1353 | D:2      | Reached XP level 4. HP: 6/31 MP: 4/4
  1654 | D:2      | Identified the +5 ring mail of the Frog {rElec rF+ rC-
                  | Dex+2}
  1716 | D:2      | Found Lef Vubb's Book Shoppe.
  1878 | D:2      | Reached XP level 5. HP: 36/36 MP: 5/5
  2007 | D:3      | Reached skill level 6 in Fighting
  2064 | D:3      | Found an opulent altar of Gozag.
  2314 | D:3      | Found a glowing silver altar of Zin.
  2890 | D:4      | Reached XP level 6. HP: 22/42 MP: 6/6
  3119 | D:4      | Reached skill level 7 in Fighting
  3138 | D:4      | Slain by an iguana

Illustrated notes

Levels and vault maps discovered:
D:1:      dpeg_arrival_shrine, layout_basic, minmay_misc_feat_four_crosses
D:2:      layout_rooms, serial_shops, nicolae_shop_crystal,
          kennysheep_nondescript, minmay_misc_feat_five,
          minmay_worlds_worst_comb, uniq_terence
D:3:      layout_basic, nicolae_gozag_seed_capital, zin_statuary,
          minmay_statues_item
D:4:      layout_basic, kennysheep_mini_moat, lemuel_temple_firewalk_a,
          minmay_surrounded, uniq_eustachio, uniq_pikel, uniq_duvessa

Skill      XL: |  1  2  3  4  5  6 |
---------------+-------------------+-----
Fighting       | 4 5 6 7 |  7.1
Short Blades   | |  4.0
Dodging        | |  3.6

Action                     |  1- 3 |  4- 6 || total
---------------------------+-------+-------++-------
  Melee: Short sword       |    10 |       ||    10
         Dagger            |   182 |   214 ||   396
    Use: Scroll            |     1 |       ||     1
   Stab: Sleeping          |     6 |     9 ||    15
         Distracted        |     1 |     1 ||     2
 Armour: Leather armour    |    16 |       ||    16
         Robe              |     2 |       ||     2
         Scale mail        |    16 |    15 ||    31
         Ring mail         |       |    44 ||    44
  Dodge: Dodged            |   124 |   116 ||   240
